 Dungeon Crawl Stone Soup version 0.27.1-3-gb3d3a73c9e (webtiles) character file.

Game seed: 1894951790143812143

20312 earthworldpsion the Fighter (level 12, -2/113 HPs)
             Began as a Minotaur Berserker on Oct 20, 2021.
             Was a High Priest of Trog.
             Killed by divine providence
             ... invoked by an orc high priest
              (15 damage)
             ... on level 2 of the Orcish Mines.
             The game lasted 00:53:28 (13506 turns).

earthworldpsion the Fighter (Minotaur Berserker)   Turns: 13506, Time: 00:53:28

Health: -2/113     AC: 30    Str: 27    XL:     12   Next: 44%
Magic:  11/11      EV: 14    Int:  4    God:    Trog [*****.]
Gold:   839        SH:  0    Dex: 20    Spells: 11/11 levels left

rFire    . . .     SeeInvis .   l - +5 broad axe (freeze)
rCold    . . .     Faith    .   (no shield)
rNeg     . . .     Spirit   .   Q - +4 plate armour {Will+}
rPois    .         Reflect  .   (helmet restricted)
rElec    .         Harm     .   R - +2 cloak of the Sun {Dex+4}
rCorr    .         Rampage  .   q - +2 pair of gloves
Will     +++..                  A - +2 pair of boots
Stlth    ..........             (no amulet)
HPRegen  1.28/turn              f - +6 ring of dexterity
MPRegen  0.12/turn              B - ring of flight

@: strong-willed, flying, very slightly contaminated, regenerating, invisible
A: horns 2, retaliatory headbutt
a: Renounce Religion, Berserk, Trog's Hand, Brothers in Arms


You were on level 2 of the Orcish Mines.
You worshipped Trog.
Trog was extremely pleased with you.
You visited 2 branches of the dungeon, and saw 14 of its levels.
You also visited: Bailey.

You collected 839 gold pieces.

Inventory:

Hand Weapons
 a - a +6 long sword of flaming
 j - a +1 executioner's axe
 l - a +5 broad axe of freezing (weapon)
Missiles
 S - a throwing net
Armour
 q - a +2 pair of gloves (worn)
 A - a +2 pair of boots (worn)
 C - the +4 ring mail of the Harp {+Inv}
   (You found it on level 5 of the Dungeon)

   +Inv:      It lets you turn invisible.
 Q - a +4 plate armour of willpower (worn)
 R - the +2 cloak of the Sun (worn) {Dex+4}
   (You found it in a bailey)

   Dex:       It affects your dexterity (+4).
Jewellery
 d - the ring "Qossussu" {Will+ EV+4}
   (You found it on level 2 of the Orcish Mines)

   [ring of evasion]

   EV:        It affects your evasion (+4).
   Will:      It increases your willpower.
 f - a +6 ring of dexterity (left hand)
 y - a ring of poison resistance
 B - a ring of flight (right hand)
 H - a +6 ring of dexterity
Wands
 w - a wand of paralysis (8)
 x - a wand of digging (5)
 F - a wand of polymorph (12) (quivered)
 J - a wand of acid (7)
 L - a wand of flame (6)
Scrolls
 b - 2 scrolls of magic mapping
 e - a scroll of immolation {unknown}
 i - a scroll of fog
 k - a scroll of holy word {unknown}
 m - a scroll of identify
 n - a scroll of torment {unknown}
 o - a scroll of summoning {unknown}
 t - a scroll of acquirement {unknown}
 z - a scroll of enchant armour
 D - 2 scrolls of enchant weapon
 I - a scroll of vulnerability {unknown}
 P - a scroll of blinking {unknown}
Potions
 c - 8 potions of curing
 g - 2 potions of cancellation
 h - 2 potions of flight
 r - a potion of brilliance {unknown}
 s - a potion of experience {unknown}
 u - a potion of haste {unknown}
 v - a potion of attraction
 G - 2 potions of degeneration
 M - a potion of magic {unknown}
 N - 2 potions of might {unknown}
 O - a potion of heal wounds {unknown}


   Skills:
 + Level 12.7 Fighting
 + Level 12.6 Axes
 + Level 12.5 Armour
 + Level 11.5 Dodging


You had 11 spell levels left.
You didn't know any spells.
Your spell library was empty.

Dungeon Overview and Level Annotations

Branches:
Dungeon (12/15)            Temple (0/1) D:4            Lair (0/6) D:10
    Orc (1/2) D:11            Elf (0/3) Orc:2        Bailey (visited)

Altars:
Ashenzari
Fedhas
Hepliaklqana
Makhleb
Qazlal
Xom
The Shining One
Beogh

Annotations:
D:5 2 transporters, Icepheonix32's ghost, weakling KoDe
D:10 lair entrance
Orc:2 elven halls


Innate Abilities, Weirdness & Mutations

You have a pair of horns on your head.
You reflexively headbutt those who attack you in melee.


Message History

You barely miss the red devil.
You headbutt the red devil, but do no damage.
The red devil misses you.
The red devil hits you but does no damage.
You feel better.
The red devil hits you with a +0 trident!
* * * LOW HITPOINT WARNING * * *
The red devil hops backward while attacking.
The red devil hits you from afar with a +0 trident!
* * * LOW HITPOINT WARNING * * *
Your skin crawls.
You feel strong-willed.
You feel yourself speed up.
The orc high priest hits you from afar with a +0 glaive of flaming.
* * * LOW HITPOINT WARNING * * *
The orc high priest burns you.
* * * LOW HITPOINT WARNING * * *
The red devil hops backward while attacking.
The red devil hits you but does no damage. x2
The chaos spawn barely misses you. You furiously retaliate!
You headbutt the chaos spawn! The orc high priest closely misses you.
The red devil misses you.
Things that are here:
a +0 falchion; a +0 ring mail The orc high priest misses you.
You recover from your berserk rage.
Aiming: Polymorph
Press: ? - help, Q - select action, (/) - cycle Shift-Dir - straight line, f/p - orc high priest
Aim: an orc high priest, wielding a +0 glaive of flaming (moderately wounded, will become a torpor snail, an eye of devastation, or a deep troll, chance to affect: 15%)
Okay, then.
Your skin crawls.
You feel strong-willed.
The orc high priest hits you but does no damage.
There is an open door here.
The orc high priest mumbles some strange prayers to Beogh against you.
Beogh smites you!
* * * LOW HITPOINT WARNING * * *
The orc high priest prays to Beogh.
The orc high priest mumbles some strange prayers to Beogh against you.
Beogh smites you!
You die...

### ##### #####....) ##.###
#########.) ##....####
#...#...#8) #........###
#.).#...##' ##.))......#
#+###'###'###. #
##...#......#####.........#...
####...####)......#######....#.##
.##..### ###..)...####..#....#.#)
#..### ##.....)@...##..'......#.
#### ####...###)....##..#.####.##
#.#...## ###....####.#).#...
##...## #....####.'.)#... #####
##...3'o44o#..#..⌠
########...######.####...
#.#..#.....# ####..4..... ###
##........## #..####.#### ##.##
#.....##.# #[.'....#...


You could see a soul eater (summoned) and an orc high priest.

Vanquished Creatures
  A boulder beetle (D:11)
  2 two-headed ogres
  2 orc high priests (Orc:2)
  4 lindwurms (D:9)
  3 orc knights
  3 orc sorcerers
  A manticore (D:11)
  A shining eye (Orc:2)
  An ugly thing (D:11)
  A komodo dragon (D:10)
  3 trolls
  A wind drake (shapeshifter) (D:11)
  2 wraiths
  3 yaks (D:5)
  A fire bat (Orc:2)
  3 wyverns
  A basilisk (D:11)
  3 wargs
  3 water moccasins
  A black bear (D:3)
  27 orc warriors
  An ice beast (D:7)
  2 necrophages
  15 centaurs
  14 ogres
  A phantom (D:7)
  Blork the orc (D:4)
  3 bullfrogs
  3 scorpions
  A wyvern zombie (D:8)
  A water moccasin zombie (D:7)
  A water moccasin skeleton (D:5)
  4 wights (D:8)
  5 killer bees (D:5)
  2 howler monkeys
  A bullfrog zombie (D:5)
  3 centaur zombies
  2 jellies
  Ijyb (D:3)
  A gnoll shaman (D:10)
  7 hounds
  20 orc priests
  2 centaur skeletons
  An iguana (D:6)
  20 orc wizards
  A howler monkey skeleton (D:5)
  A howler monkey zombie (D:8)
  8 gnolls
  10 adders
  A shadow imp (D:6)
  3 white imps
  An adder skeleton (D:4)
  3 worms
  2 dart slugs (D:1)
  94 orcs
  8 ball pythons
  7 bats
  2 endoplasms
  3 giant cockroaches
  5 goblins
  10 hobgoblins
  4 jackals (D:1)
  5 quokkas
  6 frilled lizards
  2 kobolds
  7 rats
362 creatures vanquished.

Vanquished Creatures (collateral kills)
  3 orc warriors (Bailey)
3 creatures vanquished.

Vanquished Creatures (others)
  An orc knight (Bailey)
  An orc wizard (Orc:1)
  2 fungi (D:1)
  11 plants
15 creatures vanquished.

Grand Total: 380 creatures vanquished

Notes
Turn   | Place    | Note
-------+----------+-------------------------------------------
     0 | D:1      | earthworldpsion the Minotaur Berserker began the quest for
                  | the Orb.
     0 | D:1      | Reached XP level 1. HP: 19/19 MP: 0/0
   136 | D:1      | Reached XP level 2. HP: 21/27 MP: 1/1
   230 | D:1      | Found a faded altar of an unknown god.
   335 | D:1      | Reached XP level 3. HP: 33/33 MP: 2/2
   812 | D:2      | Reached ** piety under Trog
  1277 | D:3      | Reached XP level 4. HP: 35/41 MP: 3/3
  1415 | D:3      | Noticed Ijyb
  1427 | D:3      | HP: 2/61 [Ijyb (3)]
  1428 | D:3      | Killed Ijyb
  1747 | D:3      | Reached XP level 5. HP: 46/47 MP: 4/4
  2265 | D:3      | Reached skill level 5 in Axes
  2313 | D:3      | Noticed a black bear
  2324 | D:3      | Killed a black bear
  2325 | D:3      | Reached skill level 5 in Fighting
  2325 | D:3      | Reached XP level 6. HP: 56/56 MP: 5/5
  2980 | D:4      | Found a staircase to the Ecumenical Temple.
  2981 | D:4      | Noticed Blork the orc
  2984 | D:4      | Killed Blork the orc
  2985 | D:4      | Reached skill level 5 in Armour
  2985 | D:4      | Reached XP level 7. HP: 54/62 MP: 6/6
  3070 | D:4      | Found a stormy altar of Qazlal.
  3521 | D:5      | Entered Level 5 of the Dungeon
  3541 | D:5      | Reached skill level 5 in Dodging
  3668 | D:5      | Reached *** piety under Trog
  3716 | D:5      | Noticed Icepheonix32's ghost (weakling KoDe)
  3731 | D:5      | Found a transporter.
  3734 | D:5      | Found a transporter.
  3805 | D:5      | Reached XP level 8. HP: 69/71 MP: 7/7
  4243 | D:5      | Found a shimmering altar of Xom.
  4264 | D:5      | Identified the +4 ring mail of the Harp {+Inv}
  4435 | D:5      | Reached XP level 9. HP: 81/81 MP: 8/8
  4847 | D:6      | Noticed a two-headed ogre
  4855 | D:6      | Killed a two-headed ogre
  5325 | D:6      | Found a burning altar of Makhleb.
  5845 | D:7      | Found a broken altar of Ashenzari.
  6306 | D:7      | Found a glowing golden altar of the Shining One.
  6307 | D:7      | Found a hazy altar of Hepliaklqana.
  6757 | D:8      | Reached XP level 10. HP: 91/91 MP: 9/9
  6768 | D:8      | Reached **** piety under Trog
  7458 | D:9      | Noticed a lindwurm
  7458 | D:9      | Noticed a lindwurm
  7459 | D:9      | Noticed a lindwurm
  7460 | D:9      | Noticed a lindwurm
  7467 | D:9      | Killed a lindwurm
  7483 | D:9      | Killed a lindwurm
  7484 | D:9      | Reached skill level 10 in Fighting
  7485 | D:9      | Killed a lindwurm
  7486 | D:9      | Reached skill level 10 in Axes
  7511 | D:9      | Killed a lindwurm
  7512 | D:9      | Reached skill level 10 in Armour
  8279 | D:10     | Entered Level 10 of the Dungeon
  8605 | D:10     | Found a staircase to the Lair.
  8718 | D:10     | Found a blossoming altar of Fedhas.
  8733 | D:10     | Found a flagged portal.
  8756 | Bailey   | Entered a bailey
  8908 | Bailey   | Noticed an orc knight
  9078 | Bailey   | Identified the +2 cloak of the Sun {Dex+4}
  9400 | D:10     | Reached XP level 11. HP: 101/101 MP: 10/10
  9447 | D:10     | Found the +7 Singing Sword {vorpal, sonic wave}
  9890 | D:11     | Noticed a two-headed ogre
  9899 | D:11     | Killed a two-headed ogre
  9909 | D:11     | Reached skill level 10 in Dodging
 10127 | D:11     | Reached ***** piety under Trog
 10225 | D:11     | Noticed a purple ugly thing
 10229 | D:11     | Killed a purple ugly thing
 10267 | D:11     | Noticed a boulder beetle
 10279 | D:11     | Killed a boulder beetle
 10436 | D:11     | Found a staircase to the Orcish Mines.
 10830 | Orc:1    | Entered Level 1 of the Orcish Mines
 10830 | Orc:1    | Noticed an orc knight
 10838 | Orc:1    | Noticed an orc knight
 10842 | Orc:1    | Noticed an orc sorcerer
 10848 | Orc:1    | Killed an orc knight
 10848 | Orc:1    | Killed an orc knight
 10850 | Orc:1    | Killed an orc sorcerer
 10860 | Orc:1    | You are sucked into a shaft and drop 1 floor!
 10860 | Orc:2    | Entered Level 2 of the Orcish Mines
 11251 | Orc:2    | Noticed an orc high priest
 11252 | Orc:2    | Noticed a sixfirhy
 11269 | Orc:2    | Killed an orc high priest
 11597 | Orc:2    | Reached XP level 12. HP: 99/112 MP: 11/11
 11656 | Orc:2    | Received a gift from Trog
 12209 | Orc:2    | Paralysed by an orc sorcerer for 7 turns
 12758 | Orc:2    | Found a staircase to the Elven Halls.
 12814 | Orc:2    | Identified the ring "Qossussu" {Will+ EV+4}
 13183 | Orc:2    | Noticed an orc warlord
 13200 | Orc:2    | Noticed a fire dragon
 13200 | Orc:2    | an orc warlord changed into a fire dragon
 13201 | Orc:2    | a fire dragon changed into a shining eye
 13249 | Orc:2    | Noticed an orc high priest
 13256 | Orc:2    | Received a gift from Trog
 13259 | Orc:2    | Killed an orc high priest
 13423 | Orc:2    | Noticed an orc high priest
 13477 | Orc:2    | HP: 5/113 [orc priest/divine providence (13)]
 13486 | Orc:2    | HP: 1/113 [red devil[an orc high priest] (10)]
 13506 | Orc:2    | Killed from afar by an orc high priest

Illustrated notes

Levels and vault maps discovered:
D:1:      dpeg_arrival_rooms_c, layout_loops_cross,
          shapermc_ecumenical_altar_rom_forum
D:2:      layout_rooms, grunt_ministairs_10, minmay_tetromino_s4
D:3:      layout_basic, uniq_ijyb
D:4:      layout_basic, grunt_qazlal_clouds, minmay_temple_entry_hall,
          corexii_leaking_fountain, uniq_blork_the_orc
D:5:      layout_rooms, tgw_xom, gammafunk_ghost_arena, gup_sewer_entry_spiral,
          serial_bayou_ford_a
D:6:      layout_basic, lightli_temple_of_fire
D:7:      layout_basic, gammafunk_temple_overflow_statue,
          mainiacjoe_overflow_catwalk, enter_ossuary_3, serial_park_tiny_1
D:8:      layout_basic
D:9:      layout_gridville, minmay_lindwurm_lava
D:10:     layout_grid_maze, mainiacjoe_overflow_cross_hatched,
          erik_lair_orcish_takeover, enter_bailey_6
D:11:     layout_irregular_city, orc_0_dummy, minmay_evil_grid
D:12:     layout_loops_ring, hangedman_decor_riveting
Orc:1:    layout_diamond_mine, serial_shops, nicolae_shop_trees, bloody_makhleb
Orc:2:    pubby_orc_utopia, serial_shops

Skill      XL: |  1  2  3  4  5  6  7  8  9 10 11 12 |
---------------+-------------------------------------+-----
Fighting       | 4 5 6 7 9 10 12 | 12.7
Axes           | 4 5 6 7 9 10 12 | 12.6
Armour         | 3 4 5 6 7 9 10 11 12 | 12.5
Dodging        | 3 4 5 6 8 9 10 11 | 11.5

Action                   |  1- 3 |  4- 6 |  7- 9 | 10-12 || total
-------------------------+-------+-------+-------+-------++-------
Melee: Hand axe          |    80 |    68 |   250 |    36 ||   434
       Headbutt          |    14 |    10 |    71 |   105 ||   200
       Broad axe         |       |       |       |   353 ||   353
Invok: Berserk           |       |     4 |     5 |     6 ||    15
       Trog's Hand       |       |       |       |     5 ||     5
Evoke: Wand              |       |     4 |    11 |    80 ||    95
  Use: Scroll            |       |     1 |     1 |    13 ||    15
       Potion            |       |       |       |     8 ||     8
 Stab: Sleeping          |       |     1 |       |       ||     1
       Invisible         |       |       |       |    22 ||    22
Armor: Chain mail        |    45 |    30 |    66 |       ||   141
       Animal skin       |     3 |       |       |       ||     3
       Robe              |       |     6 |       |       ||     6
       Ring mail         |       |       |    63 |    42 ||   105
       Plate armour      |       |       |       |   221 ||   221
Dodge: Dodged            |    41 |    35 |   137 |   321 ||   534
